Map: 2000 Atmospheres LE

Players

ViBE - Winner!

  • Race: Zerg Zerg
  • League: Platinum

Bronze

  • Race: Terran Terran
  • League: Platinum

VOD

Have the link to the VOD?

Description

Time

  • Played on: April 6, 2021, 6:09 p.m.
  • Length: 12:48
Show
View Real Time Build Order
Export as new Build Order

ViBE Zerg - Winner!

Build Orders: Hatch First, Roach Hydra 

Get SALT Encoding   

  12  0:00  Drone  
  13  0:13  Overlord  
  13  0:23  Drone  
  14  0:34  Drone x2  
  16  0:50  Hatchery  
  16  0:54  Drone  
  16  0:55  Drone  
  17  1:04  Drone  
  18  1:13  Spawning Pool  
  17  1:18  Drone  
  18  1:28  Drone  
  18  1:30  Drone  
  20  1:37  Extractor  
  19  1:40  Drone  
  20  1:58  Overlord  
  20  2:03  Drone x2  
  20  2:07  Queen x2  
  26  2:18  Drone x2  
  26  2:22  Spine Crawler  
  27  2:27  Overlord  
  27  2:33  Overlord  
  27  2:35  Drone  
  28  2:48  Lair  
  28  2:53  Drone x3  
  31  2:59  Drone x2  
  31  3:04  Queen  
  35  3:06  Overlord  
  35  3:11  Drone  
  36  3:16  Drone x6  
  42  3:21  Roach Warren  
  42  3:25  Evolution Chamber  
  40  3:29  Drone x2  
  42  3:35  Overlord  
  42  3:38  Drone  
  43  3:46  Drone x2  
  45  3:52  Drone x6  
  51  3:55  Extractor  
  51  3:57  Extractor  
  51  4:01  Zerg Missile Weapons Level 1, Glial Reconstitution  
  49  4:05  Roach  
  51  4:16  Roach  
  53  4:21  Overlord  
  53  4:24  Roach x2  
  55  4:31  Roach  
  55  4:32  Roach  
  55  4:36  Queen  
  53  4:45  Hatchery  
  50  4:48  Roach x3  
  56  4:55  Roach  
  56  4:58  Drone  
  56  4:59  Drone x3  
  58  5:10  Drone  
  58  5:11  Drone x5  
  64  5:20  Queen  
  66  5:24  Overlord  
  66  5:39  Overlord  
  66  5:46  Drone x4  
  66  5:48  Overlord  
  66  5:49  Overlord  
  70  5:55  Drone  
  70  5:56  Drone x4  
  75  5:57  Zerg Missile Weapons Level 2  
  75  5:59  Queen  
  75  6:04  Hydralisk Den  
  76  6:09  Drone, Evolution Chamber  
  76  6:10  Drone x3  
  79  6:15  Drone  
  79  6:17  Extractor, Drone  
  79  6:18  Drone x5  
  85  6:19  Drone x2  
  87  6:27  Overlord  
  87  6:33  Grooved Spines  
  87  6:37  Extractor x2  
  85  6:41  Drone x4  
  85  6:42  Drone  
  88  6:47  Hatchery  
  88  6:51  Drone x2  
  88  6:52  Drone x5  
  86  6:58  Drone x4  
  86  6:59  Drone  
  91  7:09  Overlord x2  
  91  7:20  Overlord x2  
  91  7:25  Queen  
  91  7:28  Overlord  
  91  7:29  Overlord x2  
  93  7:36  Hydralisk  
  93  7:37  Hydralisk  
  93  7:40  Overseer  
  93  7:42  Hydralisk x3  
  103  7:44  Muscular Augments  
  103  7:52  Hydralisk x6  
  115  7:58  Zerg Ground Armor Level 1  
  115  8:03  Infestation Pit  
  115  8:04  Hydralisk  
  115  8:05  Hydralisk x3  
  120  8:11  Drone  
  120  8:12  Drone x5  
  128  8:21  Spore Crawler  
  128  8:23  Spore Crawler  
  128  8:24  Spore Crawler  
  128  8:26  Queen  
  121  8:30  Drone x11  
  121  8:31  Spore Crawler  
  127  8:36  Drone x4  
  127  8:39  Drone x2  
  130  8:54  Queen  
  129  8:58  Hydralisk  
  129  8:59  Hydralisk x8  
  142  9:09  Drone x2  
  136  9:10  Drone x2  
  136  9:13  Drone  
  139  9:21  Extractor x2  
  137  9:26  Drone x3  
  137  9:31  Roach x9  
  150  9:32  Queen  
  150  9:36  Overlord x2  
  160  9:40  Hatchery  
  160  9:42  Overseer x2  
  159  9:47  Overlord x2  
  159  9:48  Overlord x2  
  159  9:51  Hydralisk x4  
  159  9:52  Hydralisk  
  169  9:56  Zerg Ground Armor Level 2  
  169  10:06  Hydralisk x6  
  181  10:14  Hydralisk x4  
  181  10:16  Hydralisk  
  191  10:30  Hydralisk  
  191  10:31  Hydralisk x3  
  199  10:48  Hive  
  179  12:11  Spore Crawler  
  179  12:12  Drone  
  169  12:25  Roach  
  169  12:26  Roach x11  
  200  12:30  Drone  
Show
View Real Time Build Order
Export as new Build Order

Bronze Terran 

Build Orders:  

Get SALT Encoding   

  12  0:01  SCV  
  13  0:13  SCV  
  14  0:24  Supply Depot  
  14  0:26  SCV  
  15  0:46  SCV  
  15  0:47  Barracks  
  16  0:54  Barracks  
  16  0:58  SCV  
  17  1:05  Supply Depot  
  17  1:12  SCV  
  18  1:21  Barracks  
  18  1:25  SCV  
  19  1:34  Marine  
  19  1:37  SCV  
  21  1:43  Marine  
  22  1:49  SCV  
  22  1:52  Marine  
  24  1:54  Barracks  
  24  2:01  Marine, SCV  
  26  2:18  Marine  
  27  2:28  Marine  
  29  2:31  Orbital Command  
  29  2:35  Supply Depot  
  28  2:39  Marine, Refinery  
  28  2:41  Marine x2  
  31  2:48  Refinery  
  31  2:56  Marine  
  31  2:57  Marine, Supply Depot  
  33  2:59  Marine x2  
  35  3:07  SCV  
  36  3:14  Marine  
  36  3:15  Marine  
  36  3:17  Marine  
  36  3:19  SCV  
  40  3:20  Supply Depot  
  40  3:22  Marine  
  41  3:31  SCV  
  42  3:34  Factory  
  42  3:36  Marine x2  
  44  3:45  Marine  
  44  3:46  Marine  
  46  3:50  SCV  
  46  3:54  Marine x2  
  49  4:02  SCV  
  50  4:05  Marine  
  50  4:06  Marine  
  52  4:11  Marine  
  52  4:12  Marine  
  53  4:23  Marine  
  43  4:45  Marine  
  43  4:46  Marine x3  
  43  4:50  Starport  
  47  4:54  Starport  
  40  5:05  Marine x3  
  40  5:06  Marine  
  40  5:10  Widow Mine  
  42  5:22  Marine  
  43  5:33  Starport Tech Lab  
  43  5:34  Fusion Core  
  43  5:35  Starport Tech Lab  
  43  5:46  Command Center  
  43  5:55  SCV  
  44  6:02  Engineering Bay  
  44  6:10  Marine  
  45  6:21  Marine  
  45  6:22  Marine x2  
  45  6:24  Battlecruiser  
  54  6:32  Marine, Supply Depot  
  55  6:39  Marine x2  
  43  7:06  Battlecruiser  
  49  7:08  Factory Tech Lab  
  49  7:12  Marine x2  
  49  7:13  Marine x2  
  53  7:25  Missile Turret  
  53  7:30  Marine x3, Planetary Fortress  
  53  7:36  Marine  
  57  7:40  Siege Tank  
  60  8:04  Refinery  
  60  8:06  Marine  
  60  8:07  Marine  
  60  8:09  Command Center  
  55  9:09  SCV  
  39  9:12  Siege Tank  
  42  9:19  Battlecruiser  
  42  9:21  SCV  
  49  9:33  SCV  
  50  9:45  SCV  
  51  9:55  Sensor Tower  
  51  9:57  SCV  
  52  10:01  Barracks Tech Lab x2  
  52  10:02  Barracks Tech Lab  
  52  10:04  Terran Infantry Weapons Level 1  
  55  10:07  Siege Tank  
  55  10:21  Refinery  
  55  10:22  Marine  
  55  10:23  Marine x3  
  59  10:40  Marine  
  59  10:41  Marine, Marauder  
  63  10:53  SCV  
  64  10:58  Battlecruiser  
  70  11:05  SCV  
  71  11:13  Planetary Fortress  
  71  11:17  SCV  
  72  11:21  Marauder  
  72  11:22  Marauder x2  
  78  11:28  Medivac  
  78  11:29  SCV  
  81  11:42  SCV  
  81  11:43  Marauder x3  
  87  12:04  Marauder  
Tags
 
Add a new tag
Caveats
  • Supply blocks, unpowered buildings, or Contaminate may cause inaccurate times.
  • Supply counts are checked every 10 seconds.